 Dungeon Crawl Stone Soup version 0.30-a0-739-gea05faddec (webtiles) character file.

Game seed: 554460354626587111

109 browni3141 the Grave Robber (level 4, 0/19 HPs)
             Began as a Felid Necromancer on Feb 5, 2023.
             Slain by Natasha (9 damage)
             ... on level 3 of the Dungeon.
             The game lasted 00:07:33 (4735 turns).

browni3141 the Grave Robber (Felid Necromancer)     Turns: 4735, Time: 00:07:33

Health: 0/19       AC:  1    Str:  4    XL:     4   Next: 60%
Magic:  8/8        EV: 18    Int: 18    God:
Gold:   227        SH:  0    Dex: 23    Spells: 4/8 levels left
                                        Lives:  0   Deaths: 1

rFire   . . .      SeeInvis +    (weapon unavailable)
rCold   . . .      Faith    .    (shield unavailable)
rNeg    . . .      Spirit   .    (body armour unavailable)
rPois   .          Reflect  .    (helmet unavailable)
rElec   .          Harm     .    (cloak unavailable)
rCorr   .          Rampage  .    (gloves unavailable)
Will    .....                    (boots unavailable)
Stlth   +++                      s - amulet of the acrobat
HPRegen 0.23/turn                v - +6 ring of dexterity
MPRegen 0.11/turn                (no ring)

@: quick
A: very small, claws 1, fangs 3, see invisible, speed 1, shaggy fur 1, stealthy
paws, no weapons or thrown items, no armour, multi-lived
a: no special abilities


You were on level 3 of the Dungeon.
You visited 1 branch of the dungeon, and saw 4 of its levels.
You also visited: Sewer.

You collected 227 gold pieces.

Inventory:

Jewellery
 s - an amulet of the acrobat (around neck)
 v - a +6 ring of dexterity (left paw)
Scrolls
 b - a scroll of immolation {unknown}
 c - a scroll of blinking {unknown}
 d - a scroll of vulnerability {unknown}
 e - a scroll of silence {unknown}
 g - a scroll of teleportation {unknown}
 h - 2 scrolls of poison {unknown}
 j - 2 scrolls of enchant armour {unknown}
 l - a scroll of fog {unknown}
 m - a scroll of acquirement {unknown}
 p - a scroll of enchant weapon {unknown}
 q - a scroll of identify {unknown}
 t - a scroll of amnesia {unknown}
Potions
 a - a potion of magic
 f - 3 potions of heal wounds {unknown}
 i - a potion of haste {unknown}
 k - 2 potions of curing {unknown}
 n - 3 potions of flight {unknown}
 o - a potion of berserk rage {unknown}
 r - 3 potions of brilliance {unknown}
 u - a potion of cancellation {unknown}


   Skills:
 * Level 1.5 Fighting
 - Level 2.6 Dodging
 - Level 2.6 Stealth
 * Level 2.6 Spellcasting
 * Level 6.3 Necromancy


You had 4 spell levels left.
You knew the following spells:

 Your Spells              Type           Power      Damage    Failure   Level
a - Necrotise             Necr           100%       1d9       1%          1
b - Vampiric Draining     Necr           25%        2d7       3%          3

Your spell library contained the following spells:

 Spells                   Type           Power      Damage    Failure   Level
 Sublimation of Blood     Necr           25%        N/A       1%          2
 Animate Dead             Necr           25%        N/A       12%         4
 Wereblood                Tmut           2%         N/A       26%         2
 Gell's Gravitas          Tloc           2%         N/A       45%         3
 Teleport Other           Tloc           2%         N/A       45%         3
 Agony                    Necr           25%        N/A       34%         5
 Dispersal                Tloc           1%         N/A       100%        6
 Summon Hydra             Summ           1%         N/A       100%        7


Dungeon Overview and Level Annotations

Branches:
Dungeon (4/15)              Sewer (visited)
 Temple: D:4-7

Altars:

Annotations:
D:3 Natasha
D:4 exclusion: kobold brigand


Innate Abilities, Weirdness & Mutations

You have sharp claws.
You have razor-sharp teeth.
You have supernaturally acute eyesight. (SInv)
You cover ground quickly. (Speed+)
You are covered in fur. (AC +1)
Your paws help you pounce on unaware monsters.
You are incapable of wielding weapons or throwing items.
You cannot wear armour.
You gain extra lives every three experience levels.


Message History

Aim: a kobold brigand, wielding a +0 whip and quivering curare-tipped darts (lightly wounded)
You draw life force from the kobold brigand.
You feel life coursing into your body.
The kobold brigand hits you with a +0 whip.
Casting: Vampiric Draining (quite dangerous; 3% risk of failure)
Confirm with . or Enter, or press ? or * to list all spells.
The spell is quite dangerous to miscast (3% risk of failure)!
Continue anyway?
Aiming: Vampiric Draining (quite dangerous; 3% risk of failure)
Press: ? - help, Shift-Dir - straight line, f/p - kobold brigand
Aim: a kobold brigand, wielding a +0 whip and quivering curare-tipped darts (heavily wounded)
You draw life force from the kobold brigand.
You feel life coursing into your body.
The kobold brigand hits you with a +0 whip!
You aren't carrying any items that you can evoke.
The kobold brigand throws a curare-tipped dart.
The curare-tipped dart completely misses you.
There is a stone staircase leading up here.
The kobold brigand throws a curare-tipped dart.
The curare-tipped dart hits you.
You are lethally poisoned!
You have difficulty breathing.
* * * LOW HITPOINT WARNING * * *
You feel yourself slow down.
You climb upwards.
Level annotation: Natasha You die...
You feel very sick.
You are now level 4!
You rejoin the land of the living...
Partly explored, can't reach some items.
Partly explored, can't reach some items.
Natasha is nearby!
Natasha is nearby!
You see here 6 gold pieces.
Natasha hisses angrily.
You closely miss Natasha. Natasha claws you!
You barely miss Natasha. Natasha claws you.
You are too injured to fight recklessly!
You scratch Natasha but do no damage. Natasha claws you!
You die...

.#....#.#.♣#...##.# #...#
.######.#.♣##..##.#######..##
........#.♣#...............# ###
♣♣♣♣♣♣♣♣♣.♣##..##.#############..
#### ###'###...#.# #....[..
#..####.#.#.##..#.## #.......
#..................#######.......
#...###.........h.......##.......
..........#.##.#@##.#.#..........
.................................
#............#.#$##.#............
#................##.#.#..........
#...###.#....#.#.##.#.#[...####.#
#...# #.#....#.#.#.........####.#
#...###.#....#.#.##.###..........
#............#.#.##..........>...
#...##.......#.#.##.###..........


You could see Natasha.

Vanquished Creatures
  A jelly (D:4)
  5 adders
  4 river rats (Sewer)
  5 worms
  4 dart slugs
  6 orcs
  3 endoplasms
  2 giant cockroaches
  5 goblins
  6 hobgoblins
  5 jackals (D:1)
  3 kobolds
  3 quokkas
  4 ball pythons
  4 bats
  7 frilled lizards
  10 rats
77 creatures vanquished.

Vanquished Creatures (collateral kills)
  A worm (D:2)
  An endoplasm (D:1)
  A ball python (D:1)
  A frilled lizard (Sewer)
  A rat (Sewer)
5 creatures vanquished.

Grand Total: 82 creatures vanquished

Notes
Turn   | Place    | Note
-------+----------+-------------------------------------------
     0 | D:1      | browni3141 the Felid Necromancer began the quest for the
                  | Orb.
     0 | D:1      | Reached XP level 1. HP: 7/7 MP: 4/4
   280 | D:1      | Reached XP level 2. HP: 11/11 MP: 3/6
  1115 | D:1      | Reached skill level 5 in Necromancy
  1243 | D:2      | Reached XP level 3. HP: 13/14 MP: 4/7
  2376 | D:3      | Found a glowing drain.
  2384 | D:3      | Reached XP level 4. HP: 18/18 MP: 1/8
  2451 | D:3      | Learned a level 3 spell: Vampiric Draining
  2608 | Sewer    | Entered a sewer
  2770 | Sewer    | Reached skill level 6 in Necromancy
  2914 | Sewer    | Reached XP level 5. HP: 21/21 MP: 4/9
  3403 | D:3      | Noticed Natasha
  3456 | D:3      | Reached skill level 1 in Fighting
  4389 | D:4      | Identified the +8 falchion of the Bouncing Deaths {flame,
                  | Int+3}
  4707 | D:3      | Succumbed to a kobold brigand's curare-tipped dart
  4708 | D:3      | Reached XP level 4. HP: 0/19 MP: 0/8
  4735 | D:3      | Slain by Natasha

Illustrated notes

Levels and vault maps discovered:
D:1:      roderic_dead_forest, layout_basic
D:2:      layout_basic
D:3:      layout_basic, cheibrodos_sewer_entry_bend, kennysheep_small_spiral,
          uniq_natasha
D:4:      layout_basic, mainiacjoe_overflow_paths, uniq_crazy_yiuf_cottage

Skill      XL: |  1  2  3  4  5 |
---------------+----------------+-----
Necromancy     | 5 6 |  6.3
Fighting       | 1 |  1.5
Dodging        | |  2.6
Stealth        | |  2.6
Spellcasting   | |  2.6

Action                     |  1- 3 |  4- 6 || total
---------------------------+-------+-------++-------
  Melee: Unarmed           |    10 |    21 ||    31
         Punch             |     1 |     1 ||     2
         Bite              |       |     1 ||     1
   Cast: Necrotise         |    96 |    94 ||   190
         Vampiric Draining |       |     4 ||     4
   Stab: Sleeping          |       |     1 ||     1
  Dodge: Dodged            |    20 |    25 ||    45

Table legend: (Time is in decaauts)
 A = Elapsed time spent in this place.
 B = Non-inter-level travel time spent in this place.
 C = Inter-level travel time spent in this place.
 D = Time resting spent in this place.
 E = Time spent auto-exploring this place.
 F = Levels seen in this place.
 G = Mean time per level.
                   A        B        C        D        E       F      G
               +--------+--------+--------+--------+--------+-----+--------+
         Total |   4185 |   4071 |    114 |    116 |   3187 |   5 |  837.0 |
       Dungeon |   3586 |   3472 |    114 |    116 |   2716 |   4 |  896.5 |
         Sewer |    599 |    599 |      0 |      0 |    471 |   1 |  599.0 |
               +--------+--------+--------+--------+--------+-----+--------+

Top non-repeatable levels by time:
     D:3: 1144 daAuts
     D:2: 1063 daAuts
     D:1: 1056 daAuts
   Sewer: 599 daAuts
     D:4: 322 daAuts
